AoeStats
← Babuali

Pilgrims

510154532Analyzed
2v2 RM · 2d ago on Sep 29, 2026· 19m 39s· 4 players
Game mode
Random Map
Map size
Medium (4 player)
Population
200
Speed
Normal
Resources
Standard
Victory
Conquest
Starting age
Dark Age
Ending age
Imperial Age
RankedLock teamsTeams togetherTeam positionsShared explorationLock speedFull tech treeHidden civsTurbo modeCheats
Victory
Defeat
🇹🇷 Italians · Türkiye
1062
+20
🇹🇷 Lithuanians · Türkiye
1053
+20
🇹🇷 Byzantines · Türkiye
1172
-21
🇳🇮 Saracens · Nicaragua
1128
-19
ExxD96
6:58 Loom
11:20 Feudal Age
11:20 Man-at-Arms
13:26 Arson
15:51 Wheelbarrow
15:12 Double-Bit Axe
16:26 Fletching
20:57 Castle Age
19:14 Stone Mining
19:38 Bloodlines
BARIS [TR]
8:40 Loom
11:58 Feudal Age
10:51 Loom
12:23 Double-Bit Axe
19:41 Castle Age
18:26 Fletching
19:26 Gold Mining
osays59
10:24 Loom
12:28 Feudal Age
14:50 Double-Bit Axe
16:42 Town Watch
18:25 Fishing Lines
19:24 Stone Mining
Babuali
2:58 Loom
11:20 Feudal Age
12:00 Town Watch
12:51 Wheelbarrow
16:07 Castle Age
14:08 Stone Mining
15:33 Double-Bit Axe
18:01 Bow Saw
18:21 Forging
18:17 Scale Barding Armor
Connection lost

Rejoining the realm…

Still unreachable

The connection could not be restored.

Session expired

The server has moved on; the page needs a fresh start.